 Dungeon Crawl Stone Soup version 0.30.1-11-g7821555f0a (webtiles) character file.

Game seed: 8696641995044062662

219 Dvallin the Trooper (level 5, -1/34 HPs)
             Began as a Gargoyle Fighter on Nov 15, 2023.
             Was an Initiate of Gozag.
             Splashed by a jelly's acid (3 damage)
             ... on level 4 of the Dungeon.
             The game lasted 00:07:51 (3105 turns).

Dvallin the Trooper (Gargoyle Fighter)              Turns: 3105, Time: 00:07:52

Health: -1/34      AC:  9    Str: 24    XL:     5   Next: 96%
Magic:  5/5        EV:  8    Int:  9    God:    Gozag
Gold:   157        SH:  4    Dex:  9    Spells: 4/4 levels left

rFire   . . .        s - staff of cold
rCold   + . .        c - +0 buckler
rNeg    + . .        o - +0 shadow dragon scales
rPois   ∞            (no helmet)
rElec   +            (no cloak)
rCorr   .            (no gloves)
SInv    .            (no boots)
Will    .....        (no amulet)
Stlth   +++          i - +4 ring of protection
HPRegen 0.25/turn    w - ring "Suup" {Fly Str+3}
MPRegen 0.09/turn

%: no passive effects
@: mighty, corroded, flying
A: sickness immunity, AC +4, negative energy resistance 1, electricity
resistance, torment resistance 1, petrification resistance
a: Renounce Religion, Potion Petition, Call Merchant, Bribe Branch


You were on level 4 of the Dungeon.
You worshipped Gozag.
Gozag was aware of your devotion.
You visited 2 branches of the dungeon, and saw 6 of its levels.

You collected 235 gold pieces.
You paid 78 gold pieces to Gozag.

Inventory:

Hand Weapons
 a - a +0 flail
Armour
 c - a +0 buckler (worn)
 o - +0 shadow dragon scales (worn)
Magical Staves
 s - a staff of cold (weapon)
Jewellery
 i - a +4 ring of protection (left hand)
 w - the ring "Suup" (right hand) {Fly Str+3}
   (You found it on level 5 of the Dungeon)

   [ring of flight]

   Str:       It affects your strength (+3).
   Fly:       It grants you flight.
Scrolls
 b - 2 scrolls of poison {unknown}
 e - a scroll of fear {unknown}
 f - 3 scrolls of teleportation {unknown}
 g - 2 scrolls of identify {unknown}
 h - a scroll of butterflies {unknown}
 k - a scroll of brand weapon {unknown}
 m - a scroll of amnesia {unknown}
 n - a scroll of fog {unknown}
 p - a scroll of blinking {unknown}
 r - a scroll of enchant armour {unknown}
 u - a scroll of enchant weapon {unknown}
 v - 3 scrolls of torment {unknown}
Potions
 d - a potion of might
 j - a potion of heal wounds {unknown}
 l - a potion of magic {unknown}
 q - a potion of curing {unknown}
 t - 3 potions of attraction {unknown}


   Skills:
 + Level 4.4 Fighting
 - Level 2.7(2.9) Maces & Flails
 + Level 1.2(2.2) Staves
 + Level 4.4 Armour
 + Level 2.5 Stealth
 - Level 4.0 Shields


You had 4 spell levels left.
You didn't know any spells.
Your spell library contained the following spells:

 Spells                   Type           Power      Damage    Failure   Level
 Borgnjor's Vile Clutch   Necr/Erth      0%         N/A       100%        5
 Death Channel            Necr           0%         N/A       100%        6
 Animate Dead             Necr           Unusable   N/A       N/A         4

Dungeon Overview and Level Annotations

Branches:
Dungeon (5/15)             Temple (1/1) D:5

Altars:
Ashenzari
Cheibriados
Elyvilon
Fedhas
Gozag
Hepliaklqana
Kikubaaqudgha
Makhleb
Nemelex Xobeh
Okawaru
Sif Muna
Trog
Xom
Zin
The Shining One

Shops:
D:2 *(:*   D:4 **(!

Annotations:
D:4 Grinder


Innate Abilities, Weirdness & Mutations

You are immune to sickness and miasma.
Your stone body is resilient. (AC +4)
You are immune to poison.
You resist negative energy. (rN+)
You are resistant to electric shocks. (rElec)
You are resistant to unholy torment.
You are immune to petrification.


Message History

You hit the jelly but do no damage.
Your hands burn!
The jelly is moderately wounded.
The jelly hits you but does no damage.
You hit the jelly but do no damage.
Your hands burn!
The jelly is moderately wounded.
You block the jelly's attack.
You hit the jelly. The acid corrodes you!
Your hands burn!
The jelly is moderately wounded.
The jelly closely misses you.
You barely miss the jelly.
The jelly is moderately wounded.
The jelly hits you but does no damage.
You hit the jelly but do no damage. The acid corrodes you!
Your hands burn!
The jelly is moderately wounded.
The jelly hits you but does no damage. The jelly closely misses you.
You feel very mighty all of a sudden. The jelly hits you but does no damage.
You hit the jelly but do no damage.
Your hands burn!
The jelly is moderately wounded.
The jelly closely misses you.
You hit the jelly but do no damage.
Your hands burn!
* * * LOW HITPOINT WARNING * * *
The jelly is moderately wounded.
The jelly closely misses you.
You hit the jelly.
Your hands burn!
* * * LOW HITPOINT WARNING * * *
The jelly is heavily wounded.
The jelly jiggles.
The jelly barely misses you.
You hit the jelly but do no damage. The acid corrodes you!
Your hands burn!
* * * LOW HITPOINT WARNING * * *
The jelly is heavily wounded.
The jelly barely misses you.
You hit the jelly but do no damage.
Your hands burn!
* * * LOW HITPOINT WARNING * * *
The jelly is heavily wounded.
The jelly hits you but does no damage.
You hit the jelly but do no damage. The acid corrodes you!
Your hands burn!
You die...
Your body crumbles into a pile of gold.

.# ##..######### #.# #.
.# ##.### #.# #. .#
###...#### ##.##.#. .#
#........# #.... ## .#
#........# ##..####. .#
#........# #.<.##... .#
#####.#### ##.#.##.##
## #..# +.......# ##@#
##.#+#..# #J# #......#
#...........##......#
.........#....##....###
.##......# ...>.....
######## ...##### .. .


You could see a jelly.

Vanquished Creatures
  A hound (D:5)
  A sleepcap (D:4)
  An orc wizard (D:3)
  5 adders
  A white imp (D:5)
  3 worms
  8 orcs
  5 endoplasms
  4 giant cockroaches
  7 goblins
  6 hobgoblins
  5 quokkas
  9 ball pythons
  3 bats
  2 frilled lizards
  4 kobolds
  4 rats
69 creatures vanquished.

Notes
Turn   | Place    | Note
-------+----------+-------------------------------------------
     0 | D:1      | Dvallin the Gargoyle Fighter began the quest for the Orb.
     0 | D:1      | Reached XP level 1. HP: 14/14 MP: 1/1
    34 | D:1      | Noticed an eye of devastation
    36 | D:1      | Found a faded altar of an unknown god.
    37 | D:1      | Noticed a golden eye
    37 | D:1      | Noticed a floating eye
    37 | D:1      | Noticed a golden eye
   164 | D:1      | Reached XP level 2. HP: 18/19 MP: 2/2
   901 | D:2      | Reached XP level 3. HP: 20/23 MP: 3/3
   950 | D:2      | Found Hekurab's Assorted Antiques.
  1077 | D:2      | Found Jaceibb's Weapon Emporium.
  1143 | D:2      | Found Jihionau's Assorted Antiques.
  1207 | D:2      | Found Syerphek's Book Shoppe.
  1787 | D:3      | Reached skill level 1 in Stealth
  1804 | D:3      | Reached XP level 4. HP: 27/29 MP: 4/4
  2053 | D:3      | Reached XP level 5. HP: 33/33 MP: 5/5
  2072 | D:3      | Identified the +1 leather armour of the Guild-Master {rCorr
                  | Stlth+}
  2197 | D:3      | Found a white marble altar of Elyvilon.
  2454 | D:4      | Found Doz Aga's Weapon Boutique.
  2484 | D:4      | Found Dausmed's Distillery.
  2567 | D:4      | Found Lunt's General Store.
  2569 | D:4      | Noticed an ogre
  2571 | D:4      | Noticed Grinder
  2587 | D:5      | Entered Level 5 of the Dungeon
  2587 | D:5      | Found a staircase to the Ecumenical Temple.
  2695 | Temple   | Entered the Ecumenical Temple
  2789 | Temple   | Became a worshipper of Gozag Ym Sagoz the Greedy
  2831 | D:5      | Reached skill level 1 in Staves
  2855 | D:5      | Identified the ring "Suup" {Fly Str+3}
  3038 | D:4      | Found Vokheip's Assorted Antiques.
  3105 | D:4      | Splashed by a jelly's acid

Illustrated notes

Levels and vault maps discovered:
D:1:      minmay_arrival_nine_rooms, layout_basic,
          hellmonk_ecumenical_altar_watching_god
D:2:      layout_loops_ring, serial_shops, shop, shop,
          nicolae_shop_just_a_little_nook, nicolae_shop_crystal
D:3:      layout_basic, marbit_many_paths, minmay_circle_x
D:4:      layout_basic, serial_shops, nicolae_shop_bloodbath_and_beyond,
          kennysheep_mini_moat, shop, nicolae_square_shop, shop,
          dreamdust_princess_bridge, uniq_crazy_yiuf_cottage, uniq_grinder
D:5:      layout_basic, mainiacjoe_overflow_24_doors,
          nicolae_overflow_hidden_temple, minmay_temple_entry_grid,
          gammafunk_ghost_split, uniq_pikel
Temple:   compressed_dpeg_circular_temple

Skill      XL: |  1  2  3  4  5 |
---------------+----------------+-----
Stealth        | 1 2 |  2.5
Fighting       | 4 |  4.4
Armour         | 4 |  4.4
Shields        | 4 |  4.0
Staves         | 1 |  1.2
Maces & Flails | |  2.7

Action                     |  1- 3 |  4- 6 || total
---------------------------+-------+-------++-------
  Melee: Flail             |   123 |    47 ||   170
         Staff             |       |   159 ||   159
    Use: Potion            |       |     1 ||     1
   Stab: Sleeping          |     3 |     6 ||     9
         Distracted        |       |     1 ||     1
 Armour: Scale mail        |    34 |       ||    34
         Shadow dragon sca |    30 |   138 ||   168
  Dodge: Dodged            |    50 |    65 ||   115
  Block: Buckler           |    29 |    53 ||    82
